 Dungeon Crawl Stone Soup version 0.29.1-13-g9f3cf754e1 (webtiles) character file.

Game seed: 867232324260013507

170 croobank the Sneak (level 5, -2/37 HPs)
             Began as an Octopode Delver on Feb 8, 2023.
             Splashed by a jelly's acid (7 damage)
             ... on level 4 of the Dungeon.
             The game lasted 00:03:25 (883 turns).

croobank the Sneak (Octopode Delver)                 Turns: 883, Time: 00:03:25

Health: -2/37      AC: -15   Str: 11 (12) XL:     5   Next: 50%
Magic:  0/5        EV: 13    Int: 12 (14) God:
Gold:   17         SH:  0    Dex: 11 (13) Spells: 4/4 levels left

rFire   . . .      SeeInvis .   a - +0 hand axe
rCold   . . .      Faith    .   (no shield)
rNeg    . . .      Spirit   +   (helmet restricted)
rPois   .          Reflect  .   l - amulet of guardian spirit
rElec   .          Harm     .   (no ring)
rCorr   .          Rampage  .   (no ring)
Will    .....                   (no ring)
Stlth   ++++......              (no ring)
HPRegen 0.12/turn               (no ring)
MPRegen 0.09/turn               (no ring)
                                (no ring)
                                (no ring)

@: lethally poisoned (-2 -> -5), corroded, hasted, very quick
A: almost no armour, amphibious, 8 rings, camouflage 1, gelatinous body 1,
(nimble swimmer 1), tentacles
a: no special abilities


You were on level 4 of the Dungeon.
You visited 1 branch of the dungeon, and saw 3 of its levels.

You collected 17 gold pieces.

Inventory:

Hand Weapons
 a - a +0 hand axe (weapon)
 h - a +0 war axe
 j - a +0 long sword
Jewellery
 l - an amulet of guardian spirit (around mantle)
Wands
 f - a wand of digging (3)
Scrolls
 b - a scroll of fog
 c - a scroll of magic mapping
 d - a scroll of fear
 i - a scroll of identify {unknown}
 m - a scroll of brand weapon {unknown}
Potions
 e - 2 potions of haste


   Skills:
 + Level 3.9 Fighting
 + Level 3.2 Axes
 + Level 3.2 Dodging
 + Level 7.6 Stealth


You had 4 spell levels left.
You didn't know any spells.
Your spell library was empty.

Dungeon Overview and Level Annotations

Branches:
Dungeon (6/15)
 Temple: D:4-7

Altars:


Innate Abilities, Weirdness & Mutations

You cannot wear most types of armour.
You are amphibious.
You can wear up to eight rings at the same time.
Your skin changes colour to match your surroundings (Stealth+).
Your rubbery body absorbs attacks. (AC +1, EV +1)
((You are camouflaged when in or above water. (Stealth+)))
You have tentacles for arms and can constrict up to eight enemies at once.


Message History

An adder comes into view.
The adder hisses angrily.
The jelly quivers.
You hit the jelly but do no damage.
Your tentacles burn!
The jelly completely misses you.
You hit the jelly.
Your tentacles burn!
The jelly is moderately wounded.
The jelly hits you.
You are splashed with acid!
You hit the jelly. The acid corrodes you!
Your tentacles burn!
You squeeze the jelly!
The jelly is almost dead.
You closely miss the adder. The adder closely misses you.
The jelly closely misses you.
You barely miss the jelly.
You squeeze the jelly, but do no damage.
The jelly is almost dead.
You closely miss the adder. The adder misses you. The jelly closely misses you.
The adder barely misses you.
You completely miss the jelly.
The jelly is almost dead.
You barely miss the adder. The jelly completely misses you.
The adder bites you.
You hit the jelly but do no damage. The acid corrodes you!
Your tentacles burn!
You squeeze the jelly, but do no damage.
The jelly is almost dead.
You hit the adder but do no damage. The adder bites you.
You are poisoned.
The adder poisons you! The jelly hits you. The acid corrodes you!
You are splashed with acid!
* * * LOW HITPOINT WARNING * * *
You feel yourself speed up.
You feel sick. The adder bites you.
* * * LOW HITPOINT WARNING * * *
The jelly misses you. The adder misses you.
It was a potion of degeneration.
There was something very wrong with that liquid.
You feel weakened.
You feel dopey.
You feel clumsy.
You feel sick. The jelly hits you.
* * * LOW HITPOINT WARNING * * *
The acid corrodes you!
You are splashed with acid!
You die...

........J.#
#..........$.#
#............#
#..........>.#
#............#
#............#
##............#
..............#
......S@......#
.......J......#
..###+###.....#
#.....# #.....#
+.....# #.....+
#.....#


You could see a jelly and an adder.

Vanquished Creatures
  A hound (D:5)
  5 iguanas
  An adder (D:6)
  An orc (D:5)
8 creatures vanquished.

Notes
Turn   | Place    | Note
-------+----------+-------------------------------------------
     0 | D:5      | croobank the Octopode Delver began the quest for the Orb.
     0 | D:5      | Reached XP level 1. HP: 16/16 MP: 1/1
    12 | D:5      | Noticed a hound
    24 | D:6      | Noticed an iguana
    35 | D:5      | Noticed an iguana
    44 | D:6      | Noticed an iguana
    46 | D:6      | Noticed an iguana
    61 | D:6      | Noticed a hound
    77 | D:6      | Reached XP level 2. HP: 21/21 MP: 2/2
   193 | D:6      | Reached skill level 7 in Stealth
   193 | D:6      | Reached XP level 3. HP: 26/26 MP: 3/3
   234 | D:5      | Reached XP level 4. HP: 4/31 MP: 4/4
   635 | D:5      | Reached XP level 5. HP: 30/37 MP: 5/5
   691 | D:5      | Noticed a centaur
   883 | D:4      | Splashed by a jelly's acid

Illustrated notes

Levels and vault maps discovered:
D:4:      layout_gridville, lemuel_temple_firewalk_b, uniq_sigmund
D:5:      layout_cave_pods, grunt_dithmenos_shadows, nicolae_shop_unique_rings
D:6:      layout_rooms, mainiacjoe_overflow_boulevard, minmay_mini_ossuary

Skill      XL: |  1  2  3  4 |
---------------+-------------+-----
Stealth        | 7 |  7.6
Axes           | 3 |  3.2
Dodging        | 3 |  3.2
Fighting       | |  3.9

Action                   |  1- 3 |  4- 6 || total
-------------------------+-------+-------++-------
Melee: Hand axe          |     7 |    22 ||    29
       Constrict         |     2 |     4 ||     6
       Tentacles         |     1 |     8 ||     9
Throw: Dart              |     8 |    15 ||    23
  Use: Potion            |       |     2 ||     2
Dodge: Dodged            |     4 |    21 ||    25
